 Dungeon Crawl Stone Soup version 0.31-a0-702-gf82c85558f (webtiles) character file.

Game seed: 11426343521722580275

394 qw the Shooter (level 6, -4/38 HPs)
             Began as a Gargoyle Hunter on Sept 8, 2023.
             Was an Initiate of Okawaru.
             Slain by an orc warrior
             ... wielding a +0 long sword
              (8 damage)
             ... on level 5 of the Dungeon.
             The game lasted 00:01:22 (2793 turns).

qw the Shooter (Gargoyle Hunter)                    Turns: 2793, Time: 00:01:22

Health: -4/38      AC:  9    Str: 15    XL:     6   Next: 81%
Magic:  6/6        EV: 11    Int:  9    God:    Okawaru [......]
Gold:   185        SH:  0    Dex: 15    Spells: 5/5 levels left

rFire   . . .        Y - +1 shortbow
rCold   . . .        (shield currently unavailable)
rNeg    + . .        i - +0 ring mail
rPois   inf          (no helmet)
rElec   +            (no cloak)
rCorr   .            (no gloves)
SInv    .            (no boots)
Will    .....        d - amulet of the acrobat
Stlth   +            (no ring)
HPRegen 0.26/turn    (no ring)
MPRegen 0.10/turn

%: acrobat
@: no status effects
A: sickness immunity, AC +4, negative energy resistance 1, electricity
resistance, torment resistance 1, petrification resistance
a: Renounce Religion


You were on level 5 of the Dungeon.
You worshipped Okawaru.
Okawaru was noncommittal.
You visited 2 branches of the dungeon, and saw 6 of its levels.

You collected 241 gold pieces.
You spent 56 gold pieces at shops.


Innate Abilities, Weirdness & Mutations

You are immune to sickness and miasma.
Your stone body is resilient. (AC +4)
You are immune to poison.
You resist negative energy. (rN+)
You are resistant to electric shocks. (rElec)
You are resistant to unholy torment.
You are immune to petrification.


   Skills:
 - Level 4.1 Fighting
 + Level 7.1 Ranged Weapons
 - Level 1.0 Armour
 - Level 1.5 Dodging
 - Level 1.1 Stealth


You had 5 spell levels left.
You didn't know any spells.
Your spell library was empty.

Inventory:

Hand Weapons
 Y - a +1 shortbow (weapon)
Armour
 a - a +0 cloak
 i - a +0 ring mail (worn)
Jewellery
 d - an amulet of the acrobat (around neck)
Scrolls
 h - a scroll of identify
Potions
 b - a potion of resistance
 c - 2 potions of cancellation {unknown}
 e - a potion of haste
 j - a potion of degeneration {unknown}

Dungeon Overview and Level Annotations

Branches:
Dungeon (5/15)             Temple (1/1) D:4

Altars:
Ashenzari
Cheibriados
Dithmenos
Elyvilon
Fedhas
Hepliaklqana
Kikubaaqudgha
Makhleb
Nemelex Xobeh
Okawaru
Qazlal
Ru
Sif Muna
Trog
Uskayaw
Vehumet
Wu Jian
Xom
Yredelemnul
The Shining One

Shops:
D:1 ?([[

Annotations:
D:3 1 runed translucent door, Crazy Yiuf


Message History

The orc wizard is lightly wounded.
You shoot an arrow. The arrow hits the orc warrior.
The orc warrior is lightly wounded.
You shoot an arrow.
The arrow hits the orc warrior but does no damage.
The orc warrior is lightly wounded.
You shoot an arrow.
The arrow hits the orc warrior but does no damage.
The orc warrior is lightly wounded.
The orc warrior hits you with a +0 long sword!
An orc wizard comes into view. It is wielding a +0 dagger.
You shoot an arrow.
The arrow barely misses the orc warrior.
The arrow closely misses the orc wizard.
The orc wizard shouts!
You hear a shout!
The orc warrior hits you with a +0 long sword!
You shoot an arrow. The arrow hits the orc warrior.
The orc warrior is moderately wounded.
The orc warrior hits you with a +0 long sword.
The orc wizard casts a spell.
The orc wizard flickers and vanishes!
Deactivating autopickup; reactivate with Ctrl-A.
The orc warrior hits you with a +0 long sword.
You shoot an arrow.
The arrow hits the orc warrior but does no damage.
The orc warrior is moderately wounded.
The orc warrior completely misses you.
You shoot an arrow.
The arrow barely misses the orc warrior.
The arrow hits the orc wizard but does no damage.
The orc warrior closely misses you.
You shoot an arrow. The arrow hits the orc warrior!
The orc warrior is heavily wounded.
The orc warrior hits you with a +0 long sword!
You shoot an arrow.
The arrow hits the orc warrior but does no damage.
The orc warrior is heavily wounded.
The orc warrior hits you with a +0 long sword!
You die...

#. ... #...# ..# #.##.#
#..# #.#. ....# #..#
#.#..# #..# #..# #.#..#
#..####..##
#o#..###..........
#{#......###.#..##
#o#..#.### #.#....
#@#..#.# #.#..##
#.####....#.#####.#..#
...........#..........#
##.######..........#.##
#............#
#..########## #..# #..#
#...


You could see an orc warrior and an orc wizard.

Vanquished Creatures
  An ice beast (D:5)
  An ogre (D:4)
  A sleepcap (D:5)
  An iguana (D:5)
  3 gnolls (D:4)
  3 adders
  A shadow imp (D:5)
  A worm (D:4)
  4 dart slugs
  9 orcs
  6 endoplasms
  A giant cockroach (D:1)
  6 hobgoblins
  8 jackals
  8 kobolds
  8 quokkas
  7 ball pythons
  4 bats
  3 frilled lizards
  6 goblins
  4 rats
86 creatures vanquished.

Notes
Turn   | Place    | Note
-------+----------+-------------------------------------------
     0 | D:1      | qw the Gargoyle Hunter began the quest for the Orb.
     0 | D:1      | Reached XP level 1. HP: 12/12 MP: 1/1
     0 | D:1      | 0 ||| qw: Version: 0.3-a-76-g4403597
     0 | D:1      | 0 ||| qw: Game counter: 1063
     0 | D:1      | 0 ||| qw: Melee chars always use a shield: true
     0 | D:1      | 0 ||| qw: God list: Okawaru
     0 | D:1      | 0 ||| qw: Allow faded altars: false
     0 | D:1      | 0 ||| qw: Do Orc after clearing Dungeon:15 true
     0 | D:1      | 0 ||| qw: Do second Lair branch before Depths: true
     0 | D:1      | 0 ||| qw: Lair rune preference: random
     0 | D:1      | 0 ||| qw: Goals: Normal
     0 | D:1      | 0 ||| PLANNING D:1-11
    79 | D:1      | Reached XP level 2. HP: 12/17 MP: 2/2
   123 | D:1      | HP: 4/17 [kobold/+0 short sword (4)]
   201 | D:1      | Found Townun's Antique Armour Emporium.
   210 | D:1      | 210 ||| SHOPLISTING ancient hat (252 gold, have 39).
   210 | D:1      | 210 ||| SHOPLISTING quicksilver dragon scales (1680 gold,
                  | have 39).
   210 | D:1      | 210 ||| SHOPLISTING runed robe (103 gold, have 39).
   332 | D:1      | Reached XP level 3. HP: 21/21 MP: 3/3
   357 | D:1      | Found Qaunum's Antique Armour Shop.
   363 | D:1      | 363 ||| SHOPLISTING embroidered cloak (202 gold, have 64).
   363 | D:1      | 363 ||| SHOPLISTING ring mail (108 gold, have 64).
   380 | D:1      | Found Idin's Magic Scroll Shoppe.
   385 | D:1      | 385 ||| SHOPLISTING scroll of brand weapon (133 gold, have
                  | 64).
   385 | D:1      | 385 ||| SHOPLISTING scroll of enchant weapon (105 gold,
                  | have 64).
   385 | D:1      | 385 ||| BUYING scroll of identify (28 gold).
   385 | D:1      | Bought a scroll of identify for 28 gold pieces
   385 | D:1      | 385 ||| BUYING scroll of identify (28 gold).
   385 | D:1      | Bought a scroll of identify for 28 gold pieces
   385 | D:1      | 385 ||| SHOPLISTING scroll of teleportation (42 gold, have
                  | 8).
   443 | D:1      | Reached skill level 5 in Ranged Weapons
   496 | D:1      | Found Kueph's Weapon Emporium.
   693 | D:1      | 693 ||| UPGRADING to +0 ring mail.
   703 | D:1      | 703 ||| DROPPING +0 leather armour.
   704 | D:1      | 704 ||| UPGRADING to amulet of the acrobat.
   709 | D:1      | 709 ||| READING scroll labelled BIFUCUNOSU.
   710 | D:1      | 710 ||| READING scroll labelled NOACEMPUGIA.
   711 | D:1      | 711 ||| READING 2 scrolls of identify.
   711 | D:1      | 711 ||| IDENTIFYING fuming red potion
   712 | D:1      | 712 ||| DROPPING scroll of butterflies.
   833 | D:2      | Reached skill level 1 in Armour
  1229 | D:2      | 1229 ||| READING scroll labelled WYWEAV UNUACK.
  1230 | D:2      | 1230 ||| READING scroll labelled SAZAXA DUREENG.
  1231 | D:2      | 1231 ||| READING scroll labelled ANNAUS JAONGA.
  1232 | D:2      | 1232 ||| DRINKING 2 ruby potions.
  1233 | D:2      | 1233 ||| READING 3 scrolls of identify.
  1233 | D:2      | 1233 ||| IDENTIFYING fuming puce potion
  1234 | D:2      | 1234 ||| READING 2 scrolls of identify.
  1234 | D:2      | 1234 ||| IDENTIFYING sapphire potion
  1235 | D:2      | 1235 ||| DROPPING potion of ambrosia.
  1266 | D:3      | 1266 ||| STAIRDANCE
  1273 | D:2      | Reached skill level 3 in Fighting
  1273 | D:2      | Reached XP level 4. HP: 24/28 MP: 4/4
  1292 | D:3      | 1292 ||| STAIRDANCE
  1525 | D:3      | 1525 ||| RETREATING.
  1529 | D:3      | 1529 ||| Stepping ~*~*~tactically~*~*~ (retreating).
  1593 | D:3      | Found a runed translucent door.
  1594 | D:3      | Noticed Crazy Yiuf
  1960 | D:3      | 1960 ||| DROPPING scarf of shadows.
  1961 | D:3      | 1961 ||| DROPPING amulet of magic regeneration.
  1962 | D:3      | 1962 ||| READING scroll labelled SEODUH RAGIOT.
  1963 | D:3      | 1963 ||| READING scroll labelled TIOXEIZXY MIANA.
  1964 | D:3      | 1964 ||| READING scroll labelled WEMOMN IQIYS.
  1965 | D:3      | 1965 ||| READING scroll labelled XEODUW QIQU.
  1966 | D:3      | 1966 ||| DRINKING 2 fizzy dark potions.
  1967 | D:3      | 1967 ||| DROPPING potion of attraction.
  2000 | D:4      | Noticed an ogre
  2001 | D:4      | 2001 ||| RETREATING.
  2015 | D:4      | 2015 ||| Stepping ~*~*~tactically~*~*~ (retreating).
  2016 | D:4      | 2016 ||| Stepping ~*~*~tactically~*~*~ (retreating).
  2017 | D:4      | 2017 ||| Stepping ~*~*~tactically~*~*~ (retreating).
  2018 | D:4      | 2018 ||| Stepping ~*~*~tactically~*~*~ (retreating).
  2019 | D:4      | 2019 ||| Stepping ~*~*~tactically~*~*~ (retreating).
  2020 | D:4      | 2020 ||| Stepping ~*~*~tactically~*~*~ (retreating).
  2024 | D:4      | Reached XP level 5. HP: 20/32 MP: 5/5
  2024 | D:4      | Killed an ogre
  2025 | D:4      | Reached skill level 6 in Ranged Weapons
  2132 | D:4      | Reached XP level 6. HP: 34/37 MP: 6/6
  2336 | D:4      | Found a staircase to the Ecumenical Temple.
  2337 | D:4      | 2337 ||| PLANNING TEMPLE
  2337 | D:4      | 2337 ||| READING scroll labelled VEWENU CIPT.
  2352 | Temple   | Entered the Ecumenical Temple
  2353 | Temple   | 2353 ||| PLANNING OKAWARU WORSHIP
  2365 | Temple   | Became a worshipper of Warmaster Okawaru
  2366 | Temple   | 2366 ||| PLANNING D:1-11
  2538 | D:5      | Entered Level 5 of the Dungeon
  2599 | D:5      | Found a stormy altar of Qazlal.
  2605 | D:5      | Found a basalt altar of Yredelemnul.
  2606 | D:5      | Found a burning altar of Makhleb.
  2607 | D:5      | Found a snail-covered altar of Cheibriados.
  2608 | D:5      | Found an ornate altar of the Wu Jian Council.
  2611 | D:5      | Found a hide-covered altar of Uskayaw.
  2691 | D:5      | Noticed an ice beast
  2697 | D:5      | HP: 6/38 [ice beast (14)]
  2698 | D:5      | 2698 ||| DRINKING potion of heal wounds.
  2707 | D:5      | Killed an ice beast
  2708 | D:5      | Reached skill level 7 in Ranged Weapons
  2781 | D:5      | Noticed an orc warrior
  2792 | D:5      | HP: 4/38 [orc warrior/+0 long sword (7)]
  2793 | D:5      | Slain by an orc warrior

Levels and vault maps discovered:
D:1:      mainiacjoe_arrival_reflecting_pool, layout_loops_cross, serial_shops,
          nicolae_shop_getting_attention, nicolae_shop_window_shopping, shop,
          nicolae_shop_peninsula
D:2:      layout_basic, minmay_hexomino_f4
D:3:      layout_loops_ring, uniq_crazy_yiuf_cottage
D:4:      layout_basic, minmay_temple_entry_antechambers
D:5:      layout_loops_ring, mainiacjoe_overflow_alcove_2, minitemple,
          due_unseen_surprise, uniq_grinder
Temple:   nicolae_temple_ecumenical_triangle

Skill      XL: |  1  2  3  4  5  6 |
---------------+-------------------+-----
Ranged Weapons | 5 6 7 |  7.1
Armour         | 1 |  1.0
Fighting       | 3 4 |  4.1
Dodging        | |  1.5
Stealth        | |  1.1

Action                     |  1- 3 |  4- 6 || total
---------------------------+-------+-------++-------
   Fire: Shortbow          |   128 |   181 ||   309
    Use: Scroll            |     8 |     5 ||    13
         Potion            |     1 |     2 ||     3
 Armour: Leather armour    |    43 |       ||    43
         Ring mail         |    34 |    75 ||   109
  Dodge: Dodged            |    75 |    91 ||   166

Table legend:
 A = Non-vault XP
 B = Vault XP
 C = Vault XP percentage of total XP
 D = Non-vault monster count
 E = Vault monster count
 F = Vault count percentage of total count
                 A         B        C        D         E       F
            +---------+---------+-------+---------+---------+-------
      Total |     558 |       5 |   0.9 |      83 |       3 |   3.5
            +---------+---------+-------+---------+---------+-------
        D:1 |      51 |       0 |   0.0 |      31 |       0 |   0.0
        D:2 |      37 |       5 |  11.9 |      15 |       3 |  16.7
        D:3 |      55 |       0 |   0.0 |      17 |       0 |   0.0
        D:4 |     186 |       0 |   0.0 |      12 |       0 |   0.0
        D:5 |     229 |       0 |   0.0 |       8 |       0 |   0.0
            +---------+---------+-------+---------+---------+-------
